 Dungeon Crawl Stone Soup version 0.24-a0-725-gf1a930fc54 (console) character file.

Game seed: 10642834164396777541, levelgen mode: classic

14 Lexodia the Gusty (level 2, -3/15 HPs)
             Began as a Tengu Air Elementalist on Aug 2, 2019.
             Slain by a worm (8 damage)
             ... on level 1 of the Dungeon on Oct 1, 2019.
             The game lasted 00:02:30 (696 turns).

Lexodia the Gusty (Tengu Air Elementalist)           Turns: 696, Time: 00:02:31

Health: -3/15      AC:  5    Str:  8    XL:     2   Next: 45%
Magic:  3/6        EV: 10    Int: 15    God:
Gold:   49         SH:  0    Dex: 14    Spells: 4/5 levels left

rFire    + . .     SeeInvis .   f - +0 short sword
rCold    . . .     Gourm    .   (no shield)
rNeg     . . .     Faith    .   j - +0 ring mail {rF+}
rPois    .         Spirit   .   (helmet restricted)
rElec    .         Reflect  .   (no cloak)
rCorr    .         Harm     .   (no gloves)
MR       .....                  (boots unavailable)
Stlth    +.........             (no amulet)
HPRegen  0.05/turn              (no ring)
MPRegen  0.10/turn              (no ring)

@: very slightly contaminated
A: beak, talons 3
a: no special abilities


You were on level 1 of the Dungeon.
You were not hungry.

You visited 1 branch of the dungeon, and saw 2 of its levels.

You collected 49 gold pieces.

Inventory:

Hand Weapons
 f - a +0 short sword (weapon)
Armour
 a - a +0 robe
 j - a +0 ring mail of fire resistance (worn)
Scrolls
 b - a scroll of identify {unknown}
 d - 2 scrolls of magic mapping {unknown}
 k - a scroll of immolation {unknown}
Potions
 e - a potion of brilliance {unknown}
 g - a potion of curing {unknown}
 h - a potion of flight {unknown}
Comestibles
 c - 4 rations
 i - 4 chunks of flesh


   Skills:
 - Level 2.1 Dodging
 - Level 2.0 Stealth
 + Level 2.3 Spellcasting
 + Level 2.2 Conjurations
 + Level 4.3 Air Magic


You had 4 spell levels left.
You knew the following spells:

 Your Spells              Type           Power        Failure   Level  Hunger
a - Shock                 Conj/Air       ##..         17%         1    #......

Your spell library contained the following spells:

 Spells                   Type           Power        Failure   Level  Hunger
 Swiftness                Chrm/Air       #.......     38%         2    ###....
 Static Discharge         Conj/Air       ##......     45%         3    ###....
 Airstrike                Air            ##........   73%         4    #####..
 Lightning Bolt           Conj/Air       ##........   99%         5    ######.


Dungeon Overview and Level Annotations

Branches:
Dungeon (2/15)

Altars:


Innate Abilities, Weirdness & Mutations

You have a beak for a mouth.
You have claws for feet.


Message History

The jackal is heavily wounded.
The zap hits the jackal.
You kill the jackal!
The zap hits the worm.
The worm is moderately wounded.
Casting: Shock (safe; 17% risk of failure)
Confirm with . or Enter, or press ? or * to list all spells.
Aiming: Shock (safe; 17% risk of failure)
Press: ? - help, Shift-Dir - straight line The zap hits the worm.
The worm is heavily wounded.
Casting: Shock (safe; 17% risk of failure)
Confirm with . or Enter, or press ? or * to list all spells.
Aiming: Shock (safe; 17% risk of failure)
Press: ? - help, Shift-Dir - straight line You miscast Shock.
You are very lightly contaminated with residual magic.
Nothing appears to happen.
The worm bites you!
Ouch! That really hurt!
You die...

#.................# #.
#.................##########
#.
...########................#
#. ...#
#......รท.........#####.
...####
#......>.....(.........
...'..#
#......................
...##.#
#.....#.###............
....#.# #.....#w#
#............ ....#.#
#.....@.# #............
..#.#.# #.....###
#.).......... ..#.#.#
#.....# #............
....#.# #.#####
#............ ....#.#
#.#########.........(..
.##.#[#
#.#..............######
.##.#.# #.#.##############
....#.# #.#.# #.........#
.####.# #.#.# #.#######.#


You could see a worm.

Vanquished Creatures
  A leopard gecko (D:1)
  A bat (D:1)
  A giant cockroach (D:1)
  A goblin (D:1)
  A hobgoblin (D:1)
  3 jackals
  A frilled lizard (D:1)
  2 kobolds (D:1)
11 creatures vanquished.

Notes
Turn   | Place    | Note
-------+----------+-------------------------------------------
     0 | D:1      | Lexodia the Tengu Air Elementalist began the quest for the
                  | Orb.
     0 | D:1      | Reached XP level 1. HP: 10/10 MP: 4/4
   321 | D:1      | Huge Dmg: 2 dmg
   322 | D:1      | Huge Dmg: 2 dmg
   323 | D:1      | Reached XP level 2. HP: 8/15 MP: 3/6
   324 | D:1      | Upgraded the game from 0.24-a0-525-g9231cdcba1 to
                  | 0.24-a0-725-gf1a930fc54
   524 | D:1      | Huge Dmg: 3 dmg
   688 | D:2      | Huge Dmg: 8 dmg
   692 | D:1      | Huge Dmg: 2 dmg
   696 | D:1      | Slain by a worm

Levels and vault maps discovered:
D:1:      eino_arrival_cavern_c, layout_basic
D:2:      layout_rooms, nicolae_overflow_hidden_temple, lemuel_crystal_altar,
          first_ration, serial_co_window_serial, co_window_paths_a,
          co_window_corner_a, co_window_paths_a, co_window_corner_a,
          co_window_paths_a, co_window_of_opportunity_a, co_window_corner_a,
          co_window_broadway_b, co_window_corner_b, co_window_of_opportunity_b,
          co_window_2corner, co_window_2corner, co_window_paths_c,
          glass_columns_c, glass_columns_a, glass_columns_a, glass_columns_b

Skill      XL: |  1  2 |
---------------+-------+-----
Conjurations   | 2 |  2.2
Dodging        | |  2.1
Stealth        | |  2.0
Spellcasting   | |  2.3
Air Magic      | |  4.3

Action                   || total
-------------------------++-------
Melee: Unarmed           ||    12
       Short sword       ||    15
       Kick              ||     5
       Peck              ||     3
 Cast: Shock             ||     7
 Stab: Sleeping          ||     2
Armor: Robe              ||     6
       Ring mail         ||     5
Dodge: Dodged            ||    29

Table legend:
 A = Non-vault XP
 B = Vault XP
 C = Vault XP percentage of total XP
 D = Non-vault monster count
 E = Vault monster count
 F = Vault count percentage of total count
                 A         B        C        D         E       F
            +---------+---------+-------+---------+---------+-------
      Total |      21 |       0 |   0.0 |      11 |       0 |   0.0
            +---------+---------+-------+---------+---------+-------
        D:1 |      19 |       0 |   0.0 |      10 |       0 |   0.0
        D:2 |       2 |       0 |   0.0 |       1 |       0 |   0.0
            +---------+---------+-------+---------+---------+-------
